 Dungeon Crawl Stone Soup version 0.21-a0-442-g848f44b (webtiles) character file.

7 slep the Sneak (level 2, -1/16 HPs)
             Began as a Kobold Wanderer on Nov 15, 2017.
             Killed from afar by a dart slug (2 damage)
             ... with a slug dart
             ... on level 1 of the Dungeon.
             The game lasted 00:02:58 (514 turns).

slep the Sneak (Kobold Wanderer)                     Turns: 514, Time: 00:02:59

Health: -1/16      AC:  2    Str:  7    XL:     2   Next: 5%
Magic:  3/3        EV: 14    Int: 14    God:
Gold:   32         SH:  0    Dex: 15    Spells: 2/3 levels left

rFire    . . .     SeeInvis .   e - +0 dagger
rCold    . . .     Gourm    .   (shield restricted)
rNeg     . . .     Faith    .   d - +0 robe
rPois    .         Spirit   .   (no helmet)
rElec    .         Reflect  .   (no cloak)
rCorr    .         Harm     .   (no gloves)
MR       .....                  (no boots)
Stlth    +++.......             (no amulet)
HPRegen  0.05/turn              (no ring)
MPRegen  0.08/turn              (no ring)

@: no status effects
A: carnivore 3
a: no special abilities


You were on level 1 of the Dungeon.
You were not hungry.

You visited 1 branch of the dungeon, and saw 1 of its levels.

You collected 32 gold pieces.

Inventory:

Hand Weapons
 e - a +0 dagger (weapon)
Armour
 d - a +0 robe (worn)
Scrolls
 g - a scroll of teleportation {unknown}
 h - a scroll of identify {unknown}
 i - a scroll of remove curse {unknown}
 j - a scroll of enchant armour {unknown}
Potions
 b - a potion of lignification
Books
 a - a book of Changes

   Spells                             Type                      Level
   a - Beastly Appendage              Transmutation                1
   b - Sticks to Snakes               Transmutation                2
   c - Spider Form                    Transmutation/Poison         3
   d - Ice Form                       Ice/Transmutation            4
   e - Blade Hands                    Transmutation                5
 c - the Incunabulum of the Compass

   Spells                             Type                      Level
   a - Apportation                    Translocation                1
   b - Recall                         Summoning/Translocation      3
Comestibles
 f - 2 meat rations


   Skills:
 + Level 1.3 Fighting
 + Level 0.6 Short Blades
 + Level 1.6 Dodging
 + Level 4.2 Stealth
 + Level 2.0 Unarmed Combat
 + Level 1.1 Spellcasting
 + Level 1.0 Translocations
   Level 1.0 Transmutations


You had 2 spell levels left.
You knew the following spells:

 Your Spells              Type           Power        Failure   Level  Hunger
a - Apportation           Tloc           #.....       17%         1    ##.....


Dungeon Overview and Level Annotations

Branches:
Dungeon (1/15)

Altars:


Innate Abilities, Weirdness & Mutations

You are small and have problems with some larger weapons.
You are carnivorous and can eat meat at any time.


Message History

The dart slug completely misses you. The dart slug bites you.
* * * LOW HITPOINT WARNING * * *
You hit the dart slug.
The dart slug is severely wounded.
You hit the dart slug but do no damage.
You punch the dart slug, but do no damage.
The dart slug is severely wounded.
The dart slug barely misses you.
You hit the dart slug.
The dart slug is almost dead.
You barely miss the dart slug.
You punch the dart slug, but do no damage.
You hit the dart slug but do no damage. The dart slug closely misses you. x2
You hit the dart slug but do no damage. The dart slug barely misses you. x2
You hit the dart slug but do no damage. You hit the dart slug.
The dart slug is lightly wounded.
The dart slug launches a dart at you. The slug dart hits you!
You die...

##### #...# #...# ### ##
#...# #.. #... #.รท.# ###.#
#... #...########.... #...
###...##.....#.... #...
#@w...#......#....
#...####w#..........#....
####....#.).#....#.....#..<.
......$...###....#.###.#####
..$.......# #....#.###.#
..........# #.#.##..##.# ##
......##..# #.#.##..##.####.
.....# #..###.#.##.....##...
..... .........##.#..##..#.


You could see 2 dart slugs.

Vanquished Creatures
  3 bats (D:1)
  A goblin (D:1)
  A kobold (D:1)
  A rat (D:1)
6 creatures vanquished.

Notes
Turn   | Place    | Note
-------+----------+-------------------------------------------
     0 | D:1      | slep the Kobold Wanderer began the quest for the Orb.
     0 | D:1      | slep set off with: a book of Changes, a potion of lignification, the Incunabulum of the Compass, a +0 robe, a +0 dagger, a meat ration
     0 | D:1      | Reached XP level 1. HP: 12/12 MP: 2/2
     2 | D:1      | Learned a level 1 spell: Apportation
   499 | D:1      | Reached XP level 2. HP: 11/16 MP: 3/3
   514 | D:1      | Killed from afar by a dart slug

Vault maps used:
D:1:      minmay_arrival_checkered_box, st_stairs_2

Action                   || total
-------------------------++-------
Melee: Dagger            ||    83
       Punch             ||     2
  Eat: Chunk             ||     2
Armor: Robe              ||    26
Dodge: Dodged            ||    80

Table legend:
 A = Spawn XP
 B = Non-spawn XP
 C = Spawn XP percentage of total XP
 D = Spawn monster count
 E = Non-spawn monster count
 F = Spawn count percentage of total count
 G = Total turns spent on level
                    A         B        C        D         E        F      G
               +---------+---------+-------+---------+---------+-------+---------
         Total |       0 |      10 |   0.0 |       0 |       6 |   0.0 |   514
               +---------+---------+-------+---------+---------+-------+---------
           D:1 |       0 |      10 |   0.0 |       0 |       6 |   0.0 |   514
               +---------+---------+-------+---------+---------+-------+---------
